 Dungeon Crawl Stone Soup version 0.31-a0-180-g519b7de00c (webtiles) character file.

Game seed: 2408708120514500801

11923 frimble the Fighter (level 11, -8/81 HPs)
             Began as an Octopode Warper on June 20, 2023.
             Was a Priest of Cheibriados.
             Mangled by an unseen horror (10 damage)
             ... on level 10 of the Dungeon.
             The game lasted 00:17:14 (12251 turns).

frimble the Fighter (Octopode Warper)              Turns: 12251, Time: 00:17:15

Health: -8/81      AC:  1    Str: 21    XL:     11   Next: 85%
Magic:  16/16      EV: 19    Int: 23    God:    Cheibriados [***...]
Gold:   676        SH:  0    Dex: 20    Spells: 10/16 levels left

rFire   + .          .
                       - Unarmed
rCold   . . .        (no shield)
rNeg    . . .        (helmet restricted)
rPois   .            e - amulet of Egiqikets {Faith rF+}
rElec   .            (no ring)
rCorr   .            g - ring of wizardry
SInv    .            (no ring)
Will    .....        (no ring)
Stlth   ++++         (no ring)
HPRegen 0.33/turn    (no ring)
MPRegen 0.15/turn    (no ring)
                     (no ring)

%: faith, wizardry (x1)
@: on berserk cooldown, slowed, very slow
A: almost no armour, amphibious, 8 rings, camouflage 1, gelatinous body 1,
(nimble swimmer 1), tentacles, tentacle spike 1, deterioration 1, dopey 1
a: Renounce Religion, Bend Time, Temporal Distortion


You were on level 10 of the Dungeon.
You worshipped Cheibriados.
Cheibriados was most pleased with you.
You visited 2 branches of the dungeon, and saw 12 of its levels.

You collected 676 gold pieces.

Inventory:

Hand Weapons
 i - a +0 orcbow of draining
Missiles
 b - 7 boomerangs of dispersal
 f - 22 poisoned darts (quivered)
 o - 5 boomerangs
Jewellery
 e - the amulet of Egiqikets (around mantle) {Faith rF+}
   (You found it on level 3 of the Dungeon)

   [amulet of faith]

   It allows you to gain divine favour quickly.
   rF:        It protects you from fire.
 g - a ring of wizardry (right tentacle)
 n - a ring of ice
Wands
 d - a wand of paralysis (3)
 l - a wand of roots (2)
Scrolls
 a - a scroll of teleportation
 m - a scroll of amnesia
Potions
 c - 2 potions of cancellation
 h - 2 potions of degeneration
 j - 2 potions of brilliance
 p - a potion of mutation


   Skills:
 - Level 10.0 Fighting
 - Level 1.0 Throwing
 + Level 8.3 Dodging
 - Level 5.0 Stealth
 + Level 9.0 Unarmed Combat
 - Level 3.0 Spellcasting
 - Level 4.0 Translocations
 + Level 7.6 Invocations
 - Level 6.7 Evocations


You had 10 spell levels left.
You knew the following spells:

 Your Spells              Type           Power      Damage    Failure   Level
a - Blink                 Tloc           42%        N/A       1%          2
b - Passage of Golubria   Tloc           21%        N/A       9%          4

Your spell library contained the following spells:

 Spells                   Type           Power      Damage    Failure   Level
 Lesser Beckoning         Tloc           42%        N/A       1%          2
 Teleport Other           Tloc           21%        N/A       2%          3
 Vhi's Electric Charge    Tloc/Air       24%        N/A       6%          3
 Sublimation of Blood     Necr           3%         N/A       7%          2
 Manifold Assault         Tloc           21%        N/A       9%          4
 Tukima's Dance           Hex            3%         N/A       14%         3
 Petrify                  Tmut/Erth      3%         N/A       41%         4
 Irradiate                Conj/Tmut      1%         3d12      75%         5
 Yara's Violent Unravell  Hex/Tmut       1%         3d3       75%         5
 Storm Form               Tmut/Air       1%         N/A       100%        7


Dungeon Overview and Level Annotations

Branches:
Dungeon (11/15)            Temple (1/1) D:4            Lair (0/5) D:10
    Orc: D:9-12

Altars:
Ashenzari
Cheibriados
Dithmenos
Fedhas
Gozag
Hepliaklqana
Kikubaaqudgha
Makhleb
Nemelex Xobeh
Okawaru
Qazlal
Sif Muna
Trog
Uskayaw
Vehumet
Wu Jian
Xom
Yredelemnul
Zin
The Shining One

Annotations:
D:9 Amaemon


Innate Abilities, Weirdness & Mutations

You cannot wear most types of armour.
You are amphibious.
You can wear up to eight rings at the same time.
Your skin changes colour to match your surroundings (Stealth+).
Your rubbery body absorbs attacks. (AC +1, EV +1)
((You are camouflaged when in or above water. (Stealth+)))
You have tentacles for arms and can constrict up to eight enemies at once.
One of your tentacles bears a spike.
Your body sometimes deteriorates upon taking damage.
You are dopey. (Int -2)


Message History

Something completely misses you. Something hits you. x2
An orc knight comes into view. It is wielding a +0 great sword.
The orc knight misses you.
You closely miss the orc knight. You grab the orc knight.
You constrict the orc knight. Something barely misses you.
You batter the orc knight!!
Your tentacle spike misses the orc knight.
The orc knight is moderately wounded.
You constrict the orc knight. Something hits you.
You bludgeon the orc knight!
The orc knight is heavily wounded.
You constrict the orc knight. Something hits you!
The orc knight hits you with a +0 great sword!!
You barely miss the orc knight.
You pierce the orc knight!
The orc knight is severely wounded.
You constrict the orc knight. The orc knight closely misses you.
You tentacle-slap the orc knight.
You pierce the orc knight.
The orc knight is almost dead.
You constrict the orc knight. Something hits you. The orc knight misses you.
You bludgeon the orc knight!
You kill the orc knight!
Cheibriados thoroughly appreciates the change of pace.
You feel your strength returning.
Your Unarmed Combat skill increases to level 9!
You tentacle-slap something but do no damage.
You pierce something.
Something hits you.
You bludgeon something!
Your tentacle spike misses something.
You squeeze something! Something hits you. Something hits you!
* * * LOW HITPOINT WARNING * * *
You completely miss something.
You pierce something.
Something hits you!
* * * LOW HITPOINT WARNING * * *
Something hits you!
* * * LOW HITPOINT WARNING * * *
Something hits you!
* * * LOW HITPOINT WARNING * * *
You feel a strong urge to attack something.
You are no longer berserk.
You are exhausted.
You feel yourself slow down. Something barely misses you. Something hits you!
You die...

#.# . #.###........
##ยง...b......
#.)b......... .
#.####.##.#.# # ..
####.####..#.#.#.# ..
#........#...#.#.###.. .
#.##.##.###...........
#.##[# #.#..#.@#
###.##.###..)...#.......
#...##.##.......#.......
#.####.#...#.#..##......
#.# #.....[.....#......
#.# #....(......##.....
#.# ##.>....##...#.....
#.### ##...#......##....
#...# #.>#.#.##...#


There were no monsters in sight!

Vanquished Creatures
  Snorg (D:10)
  Fannar (D:10)
  2 two-headed ogres
  Nergalle (D:10)
  A wolf spider zombie (D:11)
  An orc knight (D:10)
  An ugly thing (D:11)
  An elephant (D:10)
  2 centaur zombies (D:11)
  A gargoyle (D:11)
  A centaur skeleton (D:11)
  A hellwing (D:11)
  Prince Ribbit (D:5)
  A hornet (D:8)
  Sigmund (D:4)
  A vampire (D:10)
  5 yaks (D:10)
  2 wyverns (D:10)
  A basilisk (D:10)
  A steam dragon (D:8)
  4 vampire mosquitoes (D:10)
  A sky beast (D:8)
  A black bear (D:10)
  A hornet zombie (D:11)
  5 orc warriors
  2 ice beasts
  An ogre (D:6)
  4 centaurs
  A kobold brigand (D:8)
  A phantom (D:7)
  A bullfrog (D:9)
  2 scorpions
  7 wights
  6 killer bees (D:8)
  5 howler monkeys
  3 orc priests
  A gnoll bouda (D:7)
  8 hounds
  A sleepcap (D:7)
  Ijyb (D:5)
  9 orc wizards
  2 iguanas
  2 boggart skeletons (D:11)
  3 gnolls (D:7)
  4 adders
  3 shadow imps
  4 white imps
  A worm (D:3)
  5 dart slugs
  25 orcs
  3 endoplasms
  2 giant cockroaches
  8 hobgoblins
  8 jackals
  4 quokkas
  6 ball pythons
  6 bats
  2 frilled lizards
  13 goblins
  10 kobolds
  6 rats
209 creatures vanquished.

Notes
Turn   | Place    | Note
-------+----------+-------------------------------------------
     0 | D:1      | frimble the Octopode Warper began the quest for the Orb.
     0 | D:1      | Reached XP level 1. HP: 14/14 MP: 3/3
    56 | D:1      | Reached XP level 2. HP: 5/19 MP: 5/5
   138 | D:1      | Learned a level 2 spell: Blink
   202 | D:1      | Found a faded altar of an unknown god.
   370 | D:1      | Reached XP level 3. HP: 22/24 MP: 6/6
  1032 | D:2      | Reached XP level 4. HP: 11/29 MP: 7/7
  1560 | D:3      | Identified the amulet of Egiqikets {Faith rF+}
  1816 | D:3      | Found an iron altar of Okawaru.
  2363 | D:4      | Reached skill level 5 in Unarmed Combat
  2443 | D:4      | Noticed Sigmund
  2455 | D:4      | Killed Sigmund
  2456 | D:4      | Reached XP level 5. HP: 30/35 MP: 8/8
  2456 | D:4      | Reached XP level 6. HP: 35/41 MP: 9/9
  2491 | D:4      | Found a staircase to the Ecumenical Temple.
  2513 | Temple   | Entered the Ecumenical Temple
  2646 | Temple   | Became a worshipper of Cheibriados the Contemplative
  3286 | D:5      | Entered Level 5 of the Dungeon
  3289 | D:5      | Noticed Ijyb
  3308 | D:5      | Noticed Prince Ribbit
  3312 | D:5      | Killed Ijyb
  3313 | D:5      | Reached skill level 3 in Fighting
  3434 | D:5      | Killed Prince Ribbit
  3435 | D:5      | Reached XP level 7. HP: 29/47 MP: 10/10
  3823 | D:5      | Reached skill level 4 in Fighting
  4116 | D:5      | Reached * piety under Cheibriados
  4723 | D:6      | Reached XP level 8. HP: 41/54 MP: 12/12
  4895 | D:6      | Reached skill level 5 in Fighting
  5015 | D:6      | Found a basalt altar of Yredelemnul.
  5716 | D:7      | Reached skill level 6 in Fighting
  5821 | D:7      | Reached skill level 7 in Fighting
  6250 | D:7      | Reached ** piety under Cheibriados
  6430 | D:7      | Reached skill level 1 in Evocations
  6453 | D:7      | Identified the +3 robe of Fiumutae {Harm rPois rF+}
  6649 | D:8      | Reached XP level 9. HP: 50/66 MP: 13/13
  6806 | D:8      | Reached skill level 8 in Fighting
  6806 | D:8      | Reached skill level 1 in Stealth
  7285 | D:8      | Reached *** piety under Cheibriados
  7426 | D:8      | Noticed a two-headed ogre
  7451 | D:8      | Killed a two-headed ogre
  7452 | D:8      | Reached skill level 9 in Fighting
  7452 | D:8      | Reached skill level 5 in Stealth
  7452 | D:8      | Reached skill level 5 in Evocations
  7717 | D:8      | Noticed a hornet
  7724 | D:8      | Killed a hornet
  7802 | D:8      | Found a glowing golden altar of the Shining One.
  8503 | D:8      | Reached XP level 10. HP: 55/74 MP: 14/14
  8795 | D:9      | Reached **** piety under Cheibriados
  8916 | D:9      | Reached skill level 10 in Fighting
  9024 | D:9      | Reached skill level 1 in Invocations
  9138 | D:9      | Noticed an orange demon
  9138 | D:9      | Noticed Amaemon
  9143 | D:10     | Entered Level 10 of the Dungeon
  9164 | D:10     | Reached skill level 5 in Dodging
  9565 | D:10     | Learned a level 4 spell: Passage of Golubria
  9566 | D:10     | Noticed an elephant
  9591 | D:10     | Killed an elephant
  9795 | D:10     | Found a staircase to the Lair.
 10106 | D:10     | Noticed Fannar
 10121 | D:10     | Noticed Snorg
 10124 | D:10     | Killed Fannar
 10125 | D:10     | Reached skill level 5 in Invocations
 10125 | D:10     | Reached XP level 11. HP: 36/81 MP: 15/15
 10617 | D:10     | Noticed Nergalle
 10625 | D:10     | Killed Nergalle
 10643 | D:10     | Gained mutation: You are dopey. (Int -2) [potion of
                  | mutation]
 10643 | D:10     | Gained mutation: One of your tentacles bears a spike.
                  | [potion of mutation]
 10643 | D:10     | Gained mutation: Your body sometimes deteriorates upon
                  | taking damage. [potion of mutation]
 10647 | D:10     | HP: 3/121 [something (6)]
 10656 | D:10     | Noticed a two-headed ogre
 11124 | D:11     | Noticed a purple ugly thing
 11149 | D:11     | Killed a purple ugly thing
 11156 | D:11     | HP: 1/81 [wolf spider zombie (11)]
 12024 | D:10     | Killed a two-headed ogre
 12237 | D:10     | Killed Snorg
 12240 | D:10     | Noticed an orc knight
 12246 | D:10     | Killed an orc knight
 12250 | D:10     | HP: 2/121 [something (9)]
 12251 | D:10     | Mangled by an unseen horror

Illustrated notes

Levels and vault maps discovered:
D:1:      matt_arrival_los_fun, layout_loops_ring,
          shapermc_ecumenical_altar_venn
D:2:      layout_loops_ring
D:3:      layout_loops_ring, okawaru_ov_weapons_minmay, minmay_circle_x
D:4:      layout_gridville, minmay_temple_entry_gardened_gates,
          minmay_misc_feat_hallway, uniq_sigmund
D:5:      layout_basic, nicolae_elevator_lobby_plus, uniq_prince_ribbit1,
          uniq_ijyb
D:6:      layout_gridville, yredelemnul_altar_generic
D:7:      layout_gridville, ebering_ghost_reflecting_pool,
          chequers_serial_rivers_marsh, kennysheep_generic_room_10
D:8:      layout_layer_cave, general_overflow_altar
D:9:      layout_cave_pools, mainiacjoe_overflow_surrounded_room, uniq_amaemon,
          uniq_psyche
D:10:     minmay_the_grid_triangle_9x9_recursive_2_mashed
          [minmay_the_grid_triangle_9x9_prize_top_heavy,
          minmay_the_grid_triangle_9x9_empty,
          minmay_the_grid_triangle_9x9_minimal,
          minmay_the_grid_triangle_9x9_thin_v], layout_loops_ring,
          nicolae_overflow_hidden_temple, david_lair_generic, st_stairs_14,
          hangedman_decor_diamond_cutter, uniq_nergalle, uniq_snorg, uniq_fannar
D:11:     cheibrodos_grave_circle, layout_loops_corners, special_room
          [special_room_orc], gammafunk_ghost_ooze, uniq_erica, uniq_harold
Temple:   minmay_crystal_spiral_temple

Skill      XL: |  1  2  3  4  5  6  7  8  9 10 11 |
---------------+----------------------------------+-----
Unarmed Combat | 3 4 6 7 9 |  9.0
Dodging        | 4 6 8 |  8.3
Fighting       | 3 4 7 9 10 | 10.0
Spellcasting   | 3 |  3.0
Translocations | 4 |  4.0
Evocations     | 2 5 6 |  6.7
Stealth        | 5 |  5.0
Invocations    | 5 7 |  7.6
Throwing       | |  1.0

Action                     |  1- 3 |  4- 6 |  7- 9 | 10-12 || total
---------------------------+-------+-------+-------+-------++-------
  Melee: Unarmed           |    89 |    85 |   211 |   229 ||   614
         Constrict         |    22 |    23 |    50 |    31 ||   126
         Tentacles         |    16 |    16 |    52 |    70 ||   154
         Punch             |     1 |     2 |    14 |    27 ||    44
         Kick              |       |       |       |    49 ||    49
   Fire: Orcbow            |       |       |     8 |       ||     8
  Throw: Dart              |       |    10 |    40 |    13 ||    63
         Boomerang         |       |       |    25 |       ||    25
   Cast: Blink             |       |       |    12 |    11 ||    23
 Invoke: Slouch            |       |       |       |     3 ||     3
  Evoke: Wand              |       |       |     7 |    19 ||    26
    Use: Scroll            |     4 |     6 |     5 |    10 ||    25
         Potion            |       |     1 |     2 |     6 ||     9
   Stab: Sleeping          |     7 |     6 |     2 |     2 ||    17
         Paralysed         |       |       |       |    20 ||    20
         Distracted        |       |       |       |     1 ||     1
 Armour: Skin              |     4 |     6 |    15 |    15 ||    40
  Dodge: Dodged            |    43 |    53 |   145 |   166 ||   407

Table legend: (Time is in decaauts)
 A = Elapsed time spent in this place.
 B = Non-inter-level travel time spent in this place.
 C = Inter-level travel time spent in this place.
 D = Time resting spent in this place.
 E = Time spent auto-exploring this place.
 F = Levels seen in this place.
 G = Mean time per level.
                   A        B        C        D        E       F      G
               +--------+--------+--------+--------+--------+-----+--------+
         Total |  14244 |  13901 |    343 |    388 |  11573 |  12 | 1187.0 |
       Dungeon |  14020 |  13778 |    242 |    388 |  11467 |  11 | 1274.5 |
        Temple |    223 |    122 |    101 |      0 |    106 |   1 |  223.0 |
               +--------+--------+--------+--------+--------+-----+--------+

Top non-repeatable levels by time:
     D:8: 3144 daAuts
    D:10: 1852 daAuts
    D:11: 1644 daAuts
     D:5: 1602 daAuts
     D:6: 1259 daAuts
     D:4: 1019 daAuts
     D:7: 906 daAuts
     D:1: 874 daAuts
     D:3: 722 daAuts
     D:2: 676 daAuts
     D:9: 319 daAuts
  Temple: 223 daAuts
